 Dungeon Crawl Stone Soup version 0.24-a0-235-g3f03afc (webtiles) character file.

Game seed: 3345775511545369027

56 Espgualade the Chiller (level 3, -3/19 HPs)
             Began as a Tengu Ice Elementalist on Apr 7, 2019.
             Slain by Natasha (6 damage)
             ... on level 2 of the Dungeon.
             The game lasted 00:02:20 (1121 turns).

Espgualade the Chiller (Tengu Ice Elementalist)     Turns: 1121, Time: 00:02:21

Health: -3/19      AC:  2    Str: 13    XL:     3   Next: 95%
Magic:  6/7        EV: 12    Int: 16    God:
Gold:   84         SH:  3    Dex: 14    Spells: 0/6 levels left

rFire    . . .     SeeInvis .   b - +3 short sword
rCold    . . .     Gourm    .   g - +0 buckler
rNeg     . . .     Faith    .   a - +0 robe
rPois    .         Spirit   .   (helmet restricted)
rElec    .         Reflect  .   (no cloak)
rCorr    .         Harm     .   (no gloves)
MR       .....                  (boots unavailable)
Stlth    ++........             (no amulet)
HPRegen  0.06/turn              (no ring)
MPRegen  0.10/turn              (no ring)

@: mighty, very slightly contaminated, invisible
A: beak, talons 3
a: no special abilities


You were on level 2 of the Dungeon.
You were very hungry.

You visited 1 branch of the dungeon, and saw 2 of its levels.

You collected 84 gold pieces.

Inventory:

Hand Weapons
 b - a +3 short sword (weapon)
Armour
 a - a +0 robe (worn)
 g - a +0 buckler (worn)
Scrolls
 d - 4 scrolls of identify
 e - a scroll of immolation {unknown}
Potions
 h - a potion of invisibility
Comestibles
 c - 3 rations


   Skills:
 - Level 2.1 Dodging
 - Level 2.0 Stealth
 - Level 2.0 Spellcasting
 - Level 1.3 Conjurations
 + Level 4.3 Ice Magic


You couldn't memorise any spells.
You knew the following spells:

 Your Spells              Type           Power        Failure   Level  Hunger
a - Freeze                Ice            ###.         6%          1    #......
b - Throw Frost           Conj/Ice       ##....       16%         2    ###....
c - Ozocubu's Armour      Chrm/Ice       #.......     41%         3    ###....

Your spell library contained the following spells:

 Spells                   Type           Power        Failure   Level  Hunger
 Throw Icicle             Conj/Ice       ##......     71%         4    #####..
 Summon Ice Beast         Ice/Summ       #.......     82%         4    #####..


Dungeon Overview and Level Annotations

Branches:
Dungeon (2/15)

Altars:

Annotations:
D:2 Natasha


Innate Abilities, Weirdness & Mutations

You have a beak for a mouth.
You have claws for feet.


Message History

Found an escape hatch in the ceiling.
Casting: Freeze (safe; 6% risk of failure)
Confirm with . or Enter, or press ? or * to list all spells.
Aiming: Freeze (safe; 6% risk of failure)
Press: ? - help, Shift-Dir - straight line, f - Natasha
Aim: Natasha You freeze Natasha.
Natasha is lightly wounded.
You are feeling very hungry.
Natasha casts a spell.
Casting: Freeze (safe; 6% risk of failure)
Confirm with . or Enter, or press ? or * to list all spells.
Aiming: Freeze (safe; 6% risk of failure)
Press: ? - help, Shift-Dir - straight line, f/p - Natasha
Aim: Natasha (lightly wounded)
Okay, then.
You feel very mighty all of a sudden. Natasha barely misses you.
Natasha claws you.
You die...

. #.....# #.#
####..#.....#
#.#
..........K.#
#.#
......###..h#
#.# .... #.#.#
#.# .<. ...#.#
#.# #.#####.#
#.#
#..##....K..###
#.#
#......@h5....#
#.#
##.##########.#
#.# #.# #.#
#.####.#
#......#
########


You could see Natasha, a crimson imp and a kobold.

Vanquished Creatures
  An adder (D:2)
  An ooze (D:1)
  2 dart slugs (D:1)
  2 leopard geckos (D:1)
  4 bats (D:1)
  2 giant cockroaches (D:1)
  7 goblins (D:1)
  4 hobgoblins (D:1)
  4 kobolds (D:1)
  A ball python (D:1)
  4 frilled lizards
  3 rats (D:1)
35 creatures vanquished.

Notes
Turn   | Place    | Note
-------+----------+-------------------------------------------
     0 | D:1      | Espgualade the Tengu Ice Elementalist began the quest for
                  | the Orb.
     0 | D:1      | Reached XP level 1. HP: 10/10 MP: 4/4
   110 | D:1      | Reached skill level 3 in Ice Magic
   266 | D:1      | Reached XP level 2. HP: 15/15 MP: 3/6
   672 | D:1      | Reached XP level 3. HP: 16/19 MP: 7/7
   676 | D:1      | Learned a level 2 spell: Throw Frost
   680 | D:1      | Learned a level 3 spell: Ozocubu's Armour
   820 | D:1      | Reached skill level 4 in Ice Magic
  1107 | D:2      | Noticed Natasha
  1121 | D:2      | Slain by Natasha

Levels and vault maps discovered:
D:1:      eino_arrival_druids_welcome, layout_loops_ring, minmay_octomino_c4
D:2:      layout_basic, nicolae_overflow_crystal_walls,
          chequers_temple_overflow_statue_of_worship, uniq_natasha

Skill      XL: |  1  2  3 |
---------------+----------+-----
Ice Magic      | 3 4 |  4.3
Dodging        | |  2.1
Stealth        | |  2.0
Spellcasting   | |  2.0
Conjurations   | |  1.3

Action                   || total
-------------------------++-------
Melee: Unarmed           ||     1
       Short sword       ||    49
       Kick              ||     8
       Peck              ||     2
 Cast: Freeze            ||    20
  Use: Scroll            ||     2
       Potion            ||     2
 Stab: Sleeping          ||     5
Armor: Robe              ||     2
Dodge: Dodged            ||    27
Block: Buckler           ||     3

Table legend:
 A = Non-vault XP
 B = Vault XP
 C = Vault XP percentage of total XP
 D = Non-vault monster count
 E = Vault monster count
 F = Vault count percentage of total count
                 A         B        C        D         E       F
            +---------+---------+-------+---------+---------+-------
      Total |      73 |       7 |   8.8 |      31 |       4 |  11.4
            +---------+---------+-------+---------+---------+-------
        D:1 |      59 |       7 |  10.6 |      29 |       4 |  12.1
        D:2 |      14 |       0 |   0.0 |       2 |       0 |   0.0
            +---------+---------+-------+---------+---------+-------
